 Dungeon Crawl Stone Soup version 0.30-a0-123-g91d0c66ccf (webtiles) character file.

Game seed: 1815533743066467169

36 jlumianski the Chopper (level 3, -4/22 HPs)
             Began as a Gargoyle Gladiator on Sept 18, 2022.
             Was a Follower of Qazlal.
             Slain by a black bear (11 damage)
             ... on level 3 of the Dungeon.
             The game lasted 00:06:11 (1761 turns).

jlumianski the Chopper (Gargoyle Gladiator)         Turns: 1761, Time: 00:06:12

Health: -4/22      AC: 11    Str: 19    XL:     3   Next: 37%
Magic:  3/3        EV: 10    Int:  8    God:    Qazlal [*.....]
Gold:   47         SH:  6    Dex: 11    Spells: 2/2 levels left

rFire   . . .      SeeInvis .    a - +0 war axe
rCold   . . .      Faith    .    (no shield)
rNeg    + . .      Spirit   .    n - +0 scale mail
rPois   ∞          Reflect  +    c - +0 helmet
rElec   +          Harm     .    (no cloak)
rCorr   .          Rampage  .    f - +0 pair of gloves
Will    .....                    (no boots)
Stlth   ..........               h - amulet of reflection
HPRegen 0.07/turn                (no ring)
MPRegen 0.08/turn                (no ring)

@: no status effects
A: sickness immunity, AC +3, negative energy resistance 1, electricity
resistance, torment resistance 1, petrification resistance
a: Renounce Religion


You were on level 3 of the Dungeon.
You worshipped Qazlal.
Qazlal was aware of your devotion.
You visited 1 branch of the dungeon, and saw 4 of its levels.

You collected 47 gold pieces.

Inventory:

Hand Weapons
 a - a +0 war axe (weapon)
Missiles
 d - 3 throwing nets (quivered)
 e - a javelin
Armour
 b - a +0 leather armour
 c - a +0 helmet (worn)
 f - a +0 pair of gloves (worn)
 n - a +0 scale mail (worn)
Jewellery
 h - an amulet of reflection (around neck)
Scrolls
 j - a scroll of amnesia
 l - a scroll of vulnerability {unknown}
 m - a scroll of poison {unknown}
Potions
 g - a potion of haste {unknown}
 i - a potion of curing
 k - 2 potions of invisibility {unknown}


   Skills:
 + Level 2.3 Fighting
 + Level 3.4 Axes
 + Level 1.8 Throwing
 + Level 0.5 Armour
 + Level 2.7 Dodging


You had 2 spell levels left.
You didn't know any spells.
Your spell library contained the following spells:

 Spells                   Type           Power      Damage    Failure   Level
 Sandblast                Erth           0%         2d4       80%         1
 Passwall                 Tmut/Erth      0%         N/A       91%         2
 Stone Arrow              Conj/Erth      0%         3d7       99%         3


Dungeon Overview and Level Annotations

Branches:
Dungeon (4/15)
 Temple: D:4-7

Altars:
Qazlal


Innate Abilities, Weirdness & Mutations

You are immune to sickness and miasma.
Your stone body is resilient. (AC +3)
You are immune to poison.
You resist negative energy. (rN+)
You are resistant to electric shocks. (rElec)
You are resistant to unholy torment.
You are immune to petrification.


Message History

The black bear attacks as you move away!
The black bear bites you but does no damage.
You block the black bear's attack. The black bear barely misses you.
The black bear attacks as you move away!
The black bear closely misses you.
The black bear claws you but does no damage. x2
The black bear attacks as you move away!
The black bear bites you but does no damage.
The black bear barely misses you. x2
The black bear attacks as you move away!
You block the black bear's attack. The black bear misses you.
The black bear claws you.
* * * LOW HITPOINT WARNING * * *
It was a potion of curing.
You feel better. The black bear bites you. You block the black bear's attack.
The black bear claws you but does no damage.
As you read the scroll labelled SYR MAYV MIO, it crumbles to dust.
It is a scroll of amnesia.
You feel forgetful for a moment. You block the black bear's attack.
The black bear barely misses you. x2
The black bear attacks as you move away!
The black bear closely misses you.
The black bear claws you but does no damage. x2
The black bear attacks as you move away!
The black bear misses you.
The black bear claws you but does no damage.
The black bear claws you.
You closely miss the black bear.
The black bear is lightly wounded.
The black bear bites you but does no damage.
The black bear claws you but does no damage. x2
You slash the black bear!
The black bear is heavily wounded.
The black bear bites you. The black bear closely misses you.
The black bear barely misses you.
You slash the black bear!
The black bear is severely wounded.
The black bear goes berserk!
The black bear bites you!
Ouch! That really hurt!
You die...

################ #...#..........#
#...#..........# #...#..........#
#######...#..........#
......#...#..........############
..........).....@h...............
<.....#########..##.#.###########
......# #.....#.# ..........
...#####.# #### ########## #####
#...# #... #...##### ###.#
#..[....# #...# #...###.###.###
#...# #.....#


You could see a black bear (berserk).

Vanquished Creatures
  4 dart slugs
  An orc (D:3)
  2 giant cockroaches (D:1)
  4 goblins
  2 hobgoblins (D:1)
  4 kobolds (D:1)
  5 ball pythons (D:1)
  2 bats (D:1)
  2 frilled lizards
  A rat (D:1)
  5 bushes (D:1)
32 creatures vanquished.

Vanquished Creatures (others)
  4 plants (D:1)
  5 toadstools (D:1)
9 creatures vanquished.

Grand Total: 41 creatures vanquished

Notes
Turn   | Place    | Note
-------+----------+-------------------------------------------
     0 | D:1      | jlumianski the Gargoyle Gladiator began the quest for the
                  | Orb.
     0 | D:1      | Reached XP level 1. HP: 12/12 MP: 1/1
    60 | D:1      | Found a faded altar of an unknown god.
   204 | D:2      | Found a stormy altar of Qazlal.
   215 | D:2      | Became a worshipper of Qazlal Stormbringer
   310 | D:1      | Reached skill level 3 in Axes
   334 | D:1      | Reached XP level 2. HP: 16/17 MP: 2/2
  1115 | D:1      | Reached XP level 3. HP: 20/21 MP: 3/3
  1641 | D:3      | Reached * piety under Qazlal
  1733 | D:4      | Noticed a black bear
  1761 | D:3      | Slain by a black bear

Illustrated notes

Levels and vault maps discovered:
D:1:      ldierk_walled_garden, layout_basic, serial_forest,
          infiniplex_forest_clump_curved, infiniplex_forest_straight_2,
          infiniplex_forest_end_double, infiniplex_forest_zigzag_2,
          hellmonk_ecumenical_altar_pennies_from_heaven, minmay_pentomino_z2
D:2:      layout_basic, basic_altar
D:3:      minmay_recursive_quarters, layout_basic, uniq_robin
D:4:      layout_basic, nicolae_vehumet_altar_sigil

Skill      XL: |  1 |
---------------+----+-----
Axes           | 3 |  3.4
Fighting       | |  2.3
Throwing       | |  1.8
Armour         | |  0.5
Dodging        | |  2.7

Action                   || total
-------------------------++-------
Melee: War axe           ||   304
       Punch             ||     7
  Use: Scroll            ||     1
       Potion            ||     1
Armor: Leather armour    ||    26
       Scale mail        ||    20
Dodge: Dodged            ||    51
Block: Other             ||    28

Table legend: (Time is in decaauts)
 A = Elapsed time spent in this place.
 B = Non-inter-level travel time spent in this place.
 C = Inter-level travel time spent in this place.
 D = Time resting spent in this place.
 E = Time spent auto-exploring this place.
 F = Levels seen in this place.
 G = Mean time per level.
                   A        B        C        D        E       F      G
               +--------+--------+--------+--------+--------+-----+--------+
         Total |   1871 |   1839 |     32 |      0 |    907 |   4 |  467.8 |
       Dungeon |   1871 |   1839 |     32 |      0 |    907 |   4 |  467.8 |
               +--------+--------+--------+--------+--------+-----+--------+

Top non-repeatable levels by time:
     D:1: 1640 daAuts
     D:3: 135 daAuts
     D:2: 93 daAuts
     D:4: 1 daAuts
